 Dungeon Crawl Stone Soup version 0.32-a0-607-g64ea0e4219 (webtiles) character file.

Game seed: 5943212654968035863

175968 croobank the Thaumaturge (level 16, -9/132 (136) HPs)
             Began as a Demigod Summoner on Mar 3, 2024.
             Shot with an arrow by Vashnia (28 damage)
             ... on level 3 of the Snake Pit on Mar 4, 2024.
             The game lasted 02:30:38 (36865 turns).

croobank the Thaumaturge (Demigod Summoner)        Turns: 36865, Time: 02:30:38

HP:   -9/132 (136)  AC: 24    Str:  9    XL:     16   Next: 94%
MP:   0/37          EV: 16    Int: 40    God:
Gold: 1937          SH:  2    Dex: 14    Spells: 6/39 levels left

rFire   + . .        V - +8 pair of quick blades "Gyre" and "Gimble" {protect}
rCold   . . .        (shield currently unavailable)
rNeg    + . .        J - +3 swamp dragon scales
rPois   +            X - +2 hat
rElec   .            o - +2 cloak {rPois}
rCorr   .            M - +2 pair of gloves
SInv    .            p - +0 pair of boots "Zeapumerch" {Int+3}
Will    +....        r - amulet of guardian spirit
Stlth   +++          x - ring of the Octopus King {rN+ HP+2 AC+2 EV+2 SH+2}
HPRegen 0.42/turn    g - ring of protection from fire
MPRegen 0.25/turn

%: guardian spirit
@: brilliant, silenced, very slightly contaminated, studying Stealth, lightly
drained
A: high MP 1, forlorn, divine attributes
a: no special abilities


You were on level 3 of the Snake Pit.
You visited 4 branches of the dungeon, and saw 25 of its levels.

You collected 3032 gold pieces.
You spent 1095 gold pieces at shops.

Inventory:

Hand Weapons
 a - a +3 dagger
 i - the +2 broad axe "Qynorozy" {flame, ^Contam Fly Will+++ Int+3}
   (You acquired it on level 8 of the Dungeon)

   Int+3:     It affects your intelligence (+3).
   Will+++:   It greatly increases your willpower.
   Fly:       It grants you flight.
   ^Contam:   It causes magical contamination when unequipped.
 O - the +1 great sword "Hitimnua" {speed, rCorr SInv}
   (You found it on level 13 of the Dungeon)

   SInv:      It lets you see invisible.
   rCorr:     It protects you from acid and corrosion.
 V - the +8 pair of quick blades "Gyre" and "Gimble" (weapon) {protect}
   (You found it on level 9 of the Dungeon)
 Z - a +1 dagger of holy wrath
Missiles
 b - 4 curare-tipped darts
 A - 5 atropa-tipped darts
 S - 5 throwing nets
Armour
 e - a +2 kite shield of protection
 k - a +3 leather armour of positive energy
 o - a +2 cloak of poison resistance (worn)
 p - the +0 pair of boots "Zeapumerch" (worn) {Int+3}
   (You bought it in a shop on level 10 of the Dungeon)

   Int+3:     It affects your intelligence (+3).
 t - a +2 pair of boots
 E - a +0 buckler
 J - +3 swamp dragon scales (worn)
 L - a +2 robe of cold resistance
 M - a +2 pair of gloves (worn)
 X - a +2 hat (worn)
Magical Staves
 c - a staff of air
 H - a staff of conjuration
Jewellery
 g - a ring of protection from fire (right hand)
 h - the ring of Ekarph {Ice Will+ Str+4}
   (You acquired it on level 6 of the Dungeon)

   [ring of ice]

   Ice:       It enhances your ice magic.
   Str+4:     It affects your strength (+4).
   rF-:       It makes you vulnerable to fire.
   rC+:       It protects you from cold.
   Will+:     It increases your willpower.
 j - a ring of flight
 l - a ring of willpower
 r - an amulet of guardian spirit (around neck)
 w - a ring of resist corrosion
 x - a ring of the Octopus King (left hand) {rN+ HP+2 AC+2 EV+2 SH+2}
   (You took it off a necromancer on level 5 of the Lair of Beasts)

   [ring of positive energy]

   AC+2:      It affects your AC (+2).
   EV+2:      It affects your evasion (+2).
   rN+:       It protects you from negative energy.
   HP+2:      It affects your health (+2).
   SH+2:      It affects your SH (+2).
 D - a ring of ice
 R - a +4 ring of protection
 T - a ring of protection from cold
 W - the amulet of Quzock {Reflect ^Drain rPois rCorr Int-5 SH+5}
   (You found it on level 2 of the Lair of Beasts)

   [amulet of reflection]

   Reflect:   It reflects blocked missile attacks.
   Int-5:     It affects your intelligence (-5).
   rPois:     It protects you from poison.
   rCorr:     It protects you from acid and corrosion.
   ^Drain:    It drains your maximum health when unequipped.
   SH+5:      It affects your SH (+5).
Wands
 y - a wand of warping (8)
 F - a wand of charming (32)
 I - a wand of flame (11)
Scrolls
 m - 3 scrolls of immolation
 n - 4 scrolls of amnesia
 q - 4 scrolls of poison
 s - 4 scrolls of vulnerability
 v - 2 scrolls of teleportation
 G - a scroll of identify
 P - a scroll of brand weapon
 Y - 5 scrolls of revelation
Potions
 d - a potion of haste
 f - 8 potions of curing
 z - a potion of cancellation
 B - a potion of lignification
 C - a potion of attraction
 K - 2 potions of enlightenment
 Q - 2 potions of mutation
Miscellaneous
 U - a tin of tremorstones (2/2)


   Skills:
 + Level 9.9 Fighting
 + Level 8.2 Short Blades
 - Level 1.9 Axes
 - Level 7.0 Armour
 - Level 10.0 Dodging
 + Level 11.5 Stealth
 + Level 8.8 Shields
 - Level 12.0 Spellcasting
 + Level 5.3 Conjurations
 + Level 4.0 Hexes
 + Level 11.0 Summonings
 + Level 3.9 Necromancy
 + Level 4.3 Translocations
 - Level 5.0 Fire Magic
 * Level 4.0 Ice Magic
 - Level 7.0 Air Magic


You had 6 spell levels left.
You knew the following spells:

 Your Spells              Type           Power      Damage    Failure   Level
a - Summon Small Mammal   Summ           100%       N/A       1%          1
b - Call Imp              Summ           100%       N/A       1%          2
c - Call Canine Familiar  Summ           100%       N/A       1%          3
d - Summon Blazeheart Go  Fire/Summ      93%        N/A       1%          4
e - Summon Lightning Spi  Summ/Air       98%        N/A       1%          4
g - Summon Forest         Summ/Tloc      45%        N/A       4%          5
F - Freezing Cloud        Conj/Ice/Air   39%        6-21      11%         5
J - Arcjolt               Conj/Air       41%        1d51      8%          5
N - Anguish               Hex/Necr       35%        N/A       7%          4

Your spell library contained the following spells:

 Spells                   Type           Power      Damage    Failure   Level
 Kiss of Death            Conj/Necr      100%       2d13      1%          1
 Magic Dart               Conj           100%       1d8       1%          1
 Necrotise                Necr           100%       1d9       1%          1
 Slow                     Hex            100%       N/A       1%          1
 Sting                    Conj/Alch      100%       1d9       1%          1
 Ensorcelled Hibernation  Hex/Ice        100%       N/A       1%          2
 Mercury Vapours          Alch/Air       100%       N/A       1%          2
 Searing Ray              Conj           100%       2d8       1%          2
 Confusing Touch          Hex            71%        N/A       1%          3
 Hailstorm                Conj/Ice       75%        3d13      1%          3
 Mephitic Cloud           Conj/Alch/Air  71%        N/A       1%          3
 Ozocubu's Armour         Ice            71%        N/A       1%          3
 Sigil of Binding         Hex            71%        N/A       1%          3
 Summon Ice Beast         Ice/Summ       91%        N/A       1%          3
 Swiftness                Air            88%        N/A       1%          3
 Tukima's Dance           Hex            71%        N/A       1%          3
 Martyr's Knell           Necr/Summ      90%        N/A       1%          4
 Fugue of the Fallen      Necr           70%        N/A       2%          3
 Vampiric Draining        Necr           70%        2d11      2%          3
 Animate Armour           Summ/Erth      100%       N/A       3%          4
 Vhi's Electric Charge    Tloc/Air       100%       N/A       3%          4
 Iskenderun's Mystic Bla  Conj/Tloc      76%        2d15      4%          4
 Dimensional Bullseye     Hex/Tloc       36%        N/A       6%          4
 Manifold Assault         Tloc           73%        N/A       6%          4
 Passage of Golubria      Tloc           73%        N/A       6%          4
 Silence                  Hex/Air        40%        N/A       10%         5
 Passwall                 Erth           36%        N/A       11%         3
 Fulminant Prism          Conj/Alch      30%        3d16      12%         4
 Ignite Poison            Fire/Alch      60%        N/A       12%         4
 Sticky Flame             Fire/Alch      60%        2d10      12%         4
 Curse of Agony           Necr           70%        N/A       21%         5
 Leda's Liquefaction      Alch/Erth      18%        N/A       34%         4
 Olgreb's Toxic Radiance  Alch           36%        N/A       34%         4
 Plasma Beam              Fire/Air       41%        2x1d55    41%         6
 Lee's Rapid Deconstruct  Erth           18%        3d11*     67%         5
 Bombard                  Conj/Erth      30%        9d5       87%         6
 Sculpt Simulacrum        Ice/Alch       28%        N/A       93%         6
 Eringya's Noxious Bog    Alch           18%        4d6       99%         6
 Summon Hydra             Summ           53%        N/A       30%         7
 Ozocubu's Refrigeration  Ice            35%        4d15      99%         7
 Ignition                 Fire           38%        3d11      100%        8
 Lehudib's Crystal Spear  Conj/Erth      30%        10d8      100%        8
 Polar Vortex             Ice            35%        12d4*     100%        9


Dungeon Overview and Level Annotations

Branches:
Dungeon (15/15)            Temple (0/1) D:4            Lair (5/5) D:9
 Shoals (0/4) Lair:3        Snake (3/4) Lair:2        Slime (0/5) Lair:4
    Orc (2/2) D:10            Elf (0/3) Orc:2        Vaults (0/5) D:14
 Depths (0/4) D:15

Shops:
D:10 [   D:15 [   Orc:2 !*(:   Snake:1 *

Annotations:
D:8 !six centaurs NW
Snake:2 1 runed translucent door, Lenkets's ghost, adept MiCK; Roxanne
Snake:3 Vashnia


Innate Abilities, Weirdness & Mutations

You have an increased reservoir of magic. (+10% MP)
You shall have no god before yourself.
Your divine heritage dramatically boosts your attributes as you level up.


Message History

The naga sharpshooter wields a +0 shortbow.
The naga sharpshooter mumbles some strange words.
The naga sharpshooter magically shoots an arrow.
The arrow hits you!
* * * LOW HITPOINT WARNING * * *
The black mamba bites you but does no damage.
Your blazeheart core explodes!
The fiery explosion engulfs the black mamba!!!
You kill the black mamba!
The fiery explosion engulfs Vashnia!!
Vashnia is engulfed in blazing flames.
Vashnia spits poison at you. The splash of poison hits you. You resist.
* * * LOW HITPOINT WARNING * * *
Vashnia is wracked by anguish.
Magic scrolls do not work when you're silenced!
Okay, then.
Vashnia is engulfed in blazing flames.
Vashnia shoots an arrow.
The arrow hits you.
* * * LOW HITPOINT WARNING * * *
You partially resist.
You feel drained.
* * * LOW HITPOINT WARNING * * *
Vashnia is wracked by anguish.
The naga sharpshooter spits poison at you.
The splash of poison hits you! You resist.
* * * LOW HITPOINT WARNING * * *
The naga sharpshooter shoots an arrow.
The arrow hits you.
* * * LOW HITPOINT WARNING * * *
Okay, then.
Aiming: Charm
Press: ? - help, Shift-Dir - straight line, f - naga sharpshooter, p - Vashnia
Aim: a naga sharpshooter, wielding a +0 longbow (silenced, chance to affect: 7%)
Okay, then.
Okay, then.
You cannot cast spells when silenced!
Okay, then.
Magic scrolls do not work when you're silenced!
You feel better.
Vashnia is no longer haunted by guilt.
Vashnia is engulfed in blazing flames.
Vashnia shoots an arrow.
The arrow hits you!!
You die...

#... #### #...# #...#### ##...#
...... #...# ### .
....###...###... ..
..###..'....N......
.§........#ß.....ß..> #.#
#.'.N)†...... #N..
#.###@).###.. #
.###..####...#.○○## .
~~~~.........##°○N## ###
~~~P......######○○.#####. ##..
~~S.......#######....ß... ##.#.
P~~P..........####.......##..##
~~P.......###...####.<.###...##
P~....##### ###....######.###..
~P.... ###...(.......#..


You could see Vashnia (catching breath) and 2 naga sharpshooters.

Vanquished Creatures
  Nikola (Snake:1)
  Rupert (Lair:3)
  Agnes (Snake:1)
  Aizul (Snake:2)
  Donald (Orc:2)
  An emperor scorpion (D:15)
  3 orc warlords
  Nessos (Orc:2)
  3 dire elephants (Lair:5)
  Harold (Orc:1)
  A great orb of eyes (D:15)
  Fannar (D:11)
  2 vault guards (D:14)
  4 hydras (Lair:5)
  4 anacondas
  4 centaur warriors
  A death knight (D:14)
  A catoblepas (D:14)
  2 two-headed ogres (Orc:2)
  6 tengu warriors
  16 death yaks
  An orc high priest (Orc:2)
  5 naga sharpshooters
  8 naga warriors
  Amaemon (Lair:2)
  Sonja (Lair:2)
  4 shock serpents
  A deep elf knight (D:14)
  3 spectral death yaks (Lair:5)
  A skyshark (Lair:3)
  2 skeletal warriors (D:15)
  An arcanist (D:14)
  2 sea snakes (Snake:1)
  2 naga ritualists
  7 mana vipers
  An obsidian statue (Lair:5)
  A spectral anaconda (Lair:5)
  6 necromancers
  5 deep elf pyromancers
  6 cyclopes
  4 salamanders (Snake:2)
  6 orc knights
  20 ugly things
  3 orc sorcerers
  2 manticores (D:15)
  16 elephants
  3 meliai (D:14)
  A faun (shapeshifter) (D:15)
  2 kobold blastminers (Orc:2)
  A guardian serpent (Snake:1)
  2 black mambas (shapeshifter)
  13 black mambas
  6 naga magi
  4 gargoyles
  An unseen horror (D:13)
  15 cane toads
  An orange demon (Lair:2)
  4 kobold demonologists
  An efreet (D:13)
  Maggie (D:6)
  A freezing wraith (Lair:3)
  17 komodo dragons
  3 tengu conjurers
  3 ice devils (Lair:3)
  Psyche (D:11)
  6 trolls
  A polar bear (Lair:3)
  A hornet (D:10)
  A wolf spider simulacrum (D:14)
  23 blink frogs
  3 saltlings (Orc:2)
  A slime creature (D:14)
  7 wraiths
  37 yaks
  3 shadows
  A wyvern (D:10)
  14 humans (D:14)
  A steam dragon (D:10)
  3 basilisks
  11 vampire mosquitoes
  4 wargs
  2 death yak simulacra
  A spectral cane toad (Lair:5)
  A harpy simulacrum (Lair:3)
  14 nagas
  6 water moccasins
  13 orc warriors
  A black bear (Lair:2)
  8 ogres
  An elephant zombie (Lair:5)
  7 wolves
  9 centaurs
  2 elephant skeletons (Lair:5)
  2 kobold brigands (D:12)
  8 bullfrogs
  2 cane toad simulacra (Lair:3)
  4 wights
  8 killer bees
  An elephant simulacrum (Lair:5)
  4 electric eels
  3 howler monkeys (D:13)
  4 jellies (Lair:4)
  3 hounds
  15 orc priests
  17 iguanas
  14 orc wizards
  2 spriggan simulacra (Lair:3)
  A naga simulacrum (Lair:3)
  5 adders
  An ufetubus (D:5)
  A ribbon worm (D:10)
  54 orcs
  9 endoplasms
  2 giant cockroaches (D:2)
  9 goblins
  3 hobgoblins (D:3)
  2 quokkas
  A ball python (D:2)
  2 bats
  14 frilled lizards
  10 kobolds
  3 rats
  2 snaplasher vines (Snake:2)
633 creatures vanquished.

Vanquished Creatures (collateral kills)
  A nagaraja (Snake:2)
  2 fire dragons (D:15)
  Josephine (D:15)
  2 catoblepae
  A centaur warrior (D:14)
  2 anacondas (Snake:2)
  A two-headed ogre (Orc:2)
  5 death yaks
  2 naga sharpshooters
  4 naga warriors (Snake:1)
  A shock serpent (Snake:2)
  4 skeletal warriors
  2 naga ritualists
  2 necromancers
  10 ugly things
  An orc knight (Orc:2)
  2 deep elf pyromancers (D:14)
  A manticore (D:14)
  2 salamanders (Snake:1)
  A cyclops (D:14)
  An elephant (Lair:1)
  10 black mambas
  2 naga magi
  A cane toad (Lair:5)
  An unseen horror (D:12)
  2 rime drakes (Lair:3)
  3 komodo dragons
  A tengu conjurer (D:14)
  A polar bear (shapeshifter) (D:14)
  A troll (Orc:1)
  2 saltlings (Orc:2)
  10 blink frogs
  4 humans (D:14)
  2 wyverns (Lair:5)
  6 yaks
  3 basilisks
  A golden eye (shapeshifter) (D:15)
  10 nagas
  6 water moccasins
  5 orc warriors
  A black bear (D:5)
  2 ogres
  A wolf (Lair:2)
  A phantom (D:3)
  2 kobold brigands
  3 scorpions
  6 bullfrogs
  2 cane toad simulacra (Lair:5)
  4 wights
  2 elephant simulacra (Lair:5)
  5 killer bees
  3 bombardier beetles
  3 hounds
  5 orc priests
  2 jellies
  A sleepcap (D:7)
  3 iguanas
  10 orc wizards
  Terence (D:3)
  6 adders
  A shadow imp (D:6)
  3 white imps
  5 ufetubi
  2 ribbon worms
  A dart slug (D:1)
  25 orcs
  2 bats (D:1)
  9 endoplasms
  2 giant cockroaches
  4 goblins
  5 hobgoblins
  9 kobolds
  A quokka (D:1)
  3 ball pythons
  4 frilled lizards
  2 rats (D:2)
260 creatures vanquished.

Vanquished Creatures (others)
  An anaconda (Snake:2)
  A naga sharpshooter (Snake:3)
  2 black mambas (Snake:3)
  2 naga magi (Snake:2)
  A sky beast (D:6)
  A killer bee (D:10)
  An electric eel (Snake:1)
  An orc (Orc:2)
  127 blazeheart cores
  3 snaplasher vines
140 creatures vanquished.

Grand Total: 1033 creatures vanquished

Notes
Turn   | Place    | Note
-------+----------+-------------------------------------------
     0 | D:1      | croobank the Demigod Summoner began the quest for the Orb.
     0 | D:1      | Reached XP level 1. HP: 14/14 MP: 5/5
   152 | D:1      | Reached skill level 2 in Spellcasting
   213 | D:1      | Reached XP level 2. HP: 20/20 MP: 4/7
   216 | D:1      | Learned a level 2 spell: Call Imp
   789 | D:1      | Reached XP level 3. HP: 24/26 MP: 6/8
   793 | D:1      | Learned a level 3 spell: Call Canine Familiar
  1545 | D:2      | Reached XP level 4. HP: 33/33 MP: 6/10
  2707 | D:3      | Noticed a phantom
  2744 | D:3      | Killed a phantom
  2745 | D:3      | Reached XP level 5. HP: 38/38 MP: 5/12
  3028 | D:3      | Noticed Terence
  3039 | D:3      | Killed Terence
  3228 | D:4      | Reached skill level 3 in Spellcasting
  3325 | D:4      | Reached XP level 6. HP: 45/45 MP: 6/13
  3706 | D:4      | Found a staircase to the Ecumenical Temple.
  3755 | D:4      | Learned a level 4 spell: Summon Blazeheart Golem
  3911 | D:5      | Entered Level 5 of the Dungeon
  3934 | D:5      | Reached skill level 1 in Fighting
  3991 | D:5      | Reached skill level 1 in Fire Magic
  4041 | D:5      | Reached XP level 7. HP: 28/52 MP: 5/15
  4071 | D:5      | Reached skill level 5 in Summonings
  4724 | D:6      | Noticed Maggie
  5016 | D:6      | Killed Maggie
  5017 | D:6      | Reached XP level 8. HP: 63/63 MP: 8/17
  5053 | D:6      | Reached skill level 4 in Spellcasting
  5466 | D:6      | Identified a scroll of acquirement
  5466 | D:6      | Acquired the ring of Ekarph {Ice Will+ Str+4}
  5837 | D:7      | Reached skill level 1 in Armour
  5935 | D:7      | Reached skill level 1 in Shields
  6096 | D:7      | Reached skill level 5 in Stealth
  7035 | D:8      | Reached XP level 9. HP: 71/71 MP: 10/19
  7048 | D:8      | Learned a level 4 spell: Summon Lightning Spire
  7911 | D:8      | Acquired the +2 broad axe "Qynorozy" {flame, ^Contam Fly
                  | Will+++ Int+3}
  8150 | D:10     | Entered Level 10 of the Dungeon
  8171 | D:10     | Reached skill level 5 in Spellcasting
  8432 | D:9      | Reached skill level 1 in Air Magic
  8439 | D:9      | Reached skill level 5 in Dodging
  8601 | D:9      | Noticed a death yak
  8618 | D:9      | Killed a death yak
  8619 | D:9      | Reached skill level 1 in Axes
  8619 | D:9      | Reached skill level 5 in Fire Magic
  8656 | D:9      | Reached XP level 10. HP: 79/80 MP: 12/22
  9176 | D:9      | Found a staircase to the Lair.
  9490 | D:9      | Found the +8 pair of quick blades "Gyre" and "Gimble"
                  | {protect}
  9653 | D:10     | Found a staircase to the Orcish Mines.
  9687 | D:10     | Noticed a centaur warrior
  9702 | D:10     | Killed a centaur warrior
  9703 | D:10     | Reached skill level 6 in Spellcasting
  9715 | D:10     | Reached skill level 1 in Short Blades
 10140 | D:10     | Found Kaaloq's Armour Boutique.
 10148 | D:10     | Bought the +0 pair of boots "Zeapumerch" {Int+3} for 231
                  | gold pieces
 10231 | D:10     | Reached skill level 5 in Fighting
 10716 | D:11     | Noticed Psyche
 10734 | D:11     | Killed Psyche
 10735 | D:11     | Reached XP level 11. HP: 85/88 MP: 17/24
 11437 | D:11     | Reached skill level 7 in Spellcasting
 11650 | D:11     | Noticed Fannar
 11660 | D:11     | Killed Fannar
 12082 | D:12     | Identified the +10 scale mail "Godidd" {rC+}
 12869 | D:13     | Noticed a tengu warrior
 12871 | D:13     | Noticed a tengu warrior
 12879 | D:13     | Killed a tengu warrior
 12880 | D:13     | Reached XP level 12. HP: 96/96 MP: 20/27
 13440 | D:13     | Reached skill level 5 in Armour
 13478 | D:13     | Identified the +1 great sword "Hitimnua" {speed, rCorr
                  | SInv}
 14064 | Lair:1   | Entered Level 1 of the Lair of Beasts
 14150 | Lair:1   | Reached skill level 8 in Spellcasting
 14192 | Lair:1   | Reached skill level 5 in Shields
 14724 | Lair:1   | Reached skill level 5 in Air Magic
 14904 | Lair:1   | Reached XP level 13. HP: 52/104 MP: 21/30
 15993 | Lair:2   | Found a staircase to the Snake Pit.
 16000 | Lair:2   | Identified the amulet of Quzock {Reflect ^Drain rPois rCorr
                  | Int-5 SH+5}
 16206 | Lair:2   | Noticed Sonja
 16213 | Lair:2   | Killed Sonja
 16345 | Lair:2   | Noticed Amaemon
 16355 | Lair:2   | Killed Amaemon
 16616 | Lair:2   | Reached skill level 9 in Spellcasting
 16621 | Lair:2   | Reached skill level 10 in Summonings
 16749 | Lair:3   | Noticed Rupert
 16772 | Lair:3   | Killed Rupert
 16773 | Lair:3   | Reached skill level 5 in Short Blades
 17893 | Lair:3   | Found a staircase to the Shoals.
 18166 | Lair:3   | Got the Folio of Limited Liability
 18234 | Lair:3   | Learned a level 5 spell: Arcjolt
 18419 | Lair:4   | Found a staircase to the Slime Pits.
 19711 | Lair:5   | Entered Level 5 of the Lair of Beasts
 19882 | Lair:5   | Reached skill level 1 in Conjurations
 19914 | Lair:5   | Reached XP level 14. HP: 70/114 MP: 10/32
 20402 | Lair:5   | Reached skill level 10 in Spellcasting
 20992 | Lair:5   | Found the ring of the Octopus King {rN+ HP+2 AC+2 EV+2
                  | SH+2}
 22158 | Orc:1    | Entered Level 1 of the Orcish Mines
 22254 | Orc:2    | Entered Level 2 of the Orcish Mines
 22264 | Orc:2    | Noticed Nessos
 22401 | Orc:2    | Killed Nessos
 22604 | Orc:2    | Noticed Donald
 22621 | Orc:2    | Killed Donald
 22858 | Orc:2    | Found Jeud's Book Shop.
 22864 | Orc:2    | Noticed an orc warlord
 22866 | Orc:2    | Found Inebiq's Assorted Antiques.
 22901 | Orc:2    | Killed an orc warlord
 22902 | Orc:2    | Reached XP level 15. HP: 92/123 MP: 8/34
 23040 | Orc:2    | Found Zogidunn's Weapon Shop.
 23048 | Orc:2    | Bought a Fen Folio for 630 gold pieces
 23054 | Orc:2    | Learned a level 5 spell: Summon Forest
 23238 | Orc:2    | Found Kulaes's Distillery.
 23243 | Orc:2    | Bought a potion of magic for 104 gold pieces
 23243 | Orc:2    | Bought a potion of berserk rage for 65 gold pieces
 23243 | Orc:2    | Bought a potion of heal wounds for 65 gold pieces
 23482 | Orc:2    | Found a staircase to the Elven Halls.
 23719 | Orc:1    | Paralysed by an orc sorcerer for 3 turns
 23720 | Orc:1    | Noticed Harold
 23746 | Orc:1    | Killed Harold
 23760 | Orc:1    | Reached skill level 1 in Translocations
 25360 | D:14     | Learned a level 4 spell: Anguish
 25544 | D:14     | Reached skill level 11 in Spellcasting
 26614 | D:14     | Reached skill level 1 in Hexes
 26714 | D:14     | Reached skill level 1 in Necromancy
 27347 | D:14     | Identified the +0 scale mail "Vorghuah" {Harm Int-4 Slay+2}
 27378 | D:14     | Reached skill level 10 in Stealth
 28139 | D:14     | Found a gate to the Vaults.
 28602 | D:15     | Entered Level 15 of the Dungeon
 29056 | D:15     | Noticed Josephine
 29065 | D:15     | Killed Josephine
 29509 | D:15     | Reached skill level 5 in Conjurations
 29510 | D:15     | Reached XP level 16. HP: 124/132 MP: 15/36
 30230 | D:15     | Found a staircase to the Depths.
 30279 | D:15     | Found Cheibriados's Comfort Zone.
 30748 | Lair:2   | Learned a level 5 spell: Freezing Cloud
 30752 | Snake:1  | Entered Level 1 of the Snake Pit
 31109 | Snake:1  | Reached skill level 1 in Ice Magic
 31851 | Snake:1  | Found Amonuoru's Overcharged Wands.
 31853 | Snake:1  | Noticed Nikola
 32547 | Snake:1  | Killed Nikola
 33644 | Snake:1  | Noticed Agnes
 33654 | Snake:1  | Killed Agnes
 34351 | Snake:2  | Identified the serpent talisman of Gluttony {rN+ Will+}
 34351 | Snake:2  | Noticed Aizul
 34380 | Snake:2  | Killed Aizul
 35483 | Snake:2  | Reached skill level 12 in Spellcasting
 35785 | Snake:2  | Found a runed translucent door.
 35785 | Snake:2  | Noticed Lenkets's ghost (adept MiCK)
 36002 | Snake:2  | Found a runed translucent door.
 36046 | Snake:2  | Noticed Roxanne
 36216 | Snake:2  | Reached skill level 10 in Dodging
 36660 | Snake:2  | Got the Elucidation of the Wendigo and the Cemetery
 36823 | Snake:3  | Noticed Vashnia
 36865 | Snake:3  | Shot with an arrow by Vashnia

Illustrated notes

Levels and vault maps discovered:
D:1:      mrwooster_arrival_statue, layout_basic, minmay_misc_feat_encased
D:2:      layout_basic
D:3:      layout_basic, minmay_misc_feat_pillars, serial_park_tiny_1,
          uniq_terence
D:4:      layout_rooms, nicolae_wu_jian_immortal_techniques, temple_statues
D:5:      layout_cave_pools, nicolae_dithmenos_through_a_glass_darkly,
          abandoned_shop
D:6:      layout_rooms, uniq_maggie
D:7:      layout_loops_ring
D:8:      layout_basic, centaur_isle
D:9:      layout_basic, nicolae_overflow_two_pavilions, fedhas_ov_isle_minmay,
          dpeg_lair_monsters, serial_curves, eino_curves_04, eino_curves_01
D:10:     layout_long_grid, tgw_xom, jmf_multi_god_temple, orc_0_dummy,
          enter_bailey_3, serial_shops, shop, chequers_serial_rivers_marsh
D:11:     lemuel_reptile_caves, layout_basic, uniq_fannar, uniq_psyche
D:12:     layout_small_grid
D:13:     layout_stronghold
D:14:     cheibrodos_ideogram_h, layout_loops_ring, grunt_vaults_entry_tiered,
          makhleb_altar_promises_db
D:15:     hangedman_depths_entry_try_elsewhere_first, layout_long_grid,
          nicolae_titane, minmay_shop_chei, uniq_josephine
Lair:1:   layout_small_grid, lemuel_fruit_tree, grunt_megastairs_3
Lair:2:   layout_chaotic_city, dummy_snake_entry, uniq_sonja, uniq_amaemon
Lair:3:   dreamdust_isle_of_ice, layout_big_grid, minmay_shoals_entry_centaurs,
          uniq_rupert
Lair:4:   layout_cave_pods, nicolae_slime_entry_slimehenge
Lair:5:   due_jungle_book, layout_long_grid, serial_forest,
          infiniplex_forest_clump_long, infiniplex_forest_end_1,
          infiniplex_forest_end_1, infiniplex_forest_clump_tiny,
          infiniplex_forest_clump_small, infiniplex_forest_straight_2,
          infiniplex_forest_side_room, infiniplex_forest_zigzag_1,
          infiniplex_forest_corner_1, patterned_corridor
Snake:1:  layout_misc_corridors, serial_bayou_ford_a,
          nicolae_shop_overcharged_wands, uniq_agnes, uniq_nikola
Snake:2:  layout_onion, ebering_ghost_xom, lightli_airlock,
          nicolae_triple_integral, uniq_aizul, uniq_roxanne
Snake:3:  layout_misc_corridors, serial_library_hellmonk_hallway_b,
          serial_bayou_shore_a, minmay_shop_star, grunt_megastairs_5,
          uniq_vashnia, uniq_mlioglotl
Orc:1:    layout_diamond_mine, uniq_harold
Orc:2:    hellmonk_orc_salted, layout_diamond_mine, basic_altar, uniq_nessos,
          uniq_donald

Skill      XL: |  1  2  3  4  5  6  7  8  9 10 11 12 13 14 15 16 |
---------------+-------------------------------------------------+-----
Dodging        | 2 3 4 5 6 7 8 9 10 | 10.0
Stealth        | 2 3 4 5 6 7 8 9 10 11 | 11.5
Spellcasting   | 2 3 4 5 6 7 8 9 10 11 12 | 12.0
Summonings     | 4 5 6 7 8 9 10 11 | 11.0
Fighting       | 1 3 4 5 6 7 8 9 |  9.9
Fire Magic     | 1 3 4 5 |  5.0
Armour         | 1 2 3 4 5 6 7 |  7.0
Shields        | 1 2 3 4 5 6 7 8 |  8.8
Air Magic      | 1 3 4 5 6 7 |  7.0
Axes           | 1 |  1.9
Short Blades   | 1 3 4 5 6 7 8 |  8.2
Conjurations   | 1 3 5 |  5.3
Translocations | 3 4 |  4.3
Hexes          | 2 4 |  4.0
Necromancy     | 2 3 |  3.9
Ice Magic      | 4 |  4.0

Action                     |  1- 3 |  4- 6 |  7- 9 | 10-12 | 13-15 | 16-18 || total
---------------------------+-------+-------+-------+-------+-------+-------++-------
  Melee: Dagger            |       |    10 |    96 |       |       |     2 ||   108
         Hand axe          |       |       |    49 |    64 |       |       ||   113
         Pair of quick bla |       |       |       |  1389 |  1838 |   388 ||  3615
         Staff             |       |       |       |       |     3 |    42 ||    45
   Fire: Sling             |    90 |    71 |     8 |       |       |       ||   169
  Throw: Throwing net      |       |       |       |       |       |     4 ||     4
         Dart              |       |       |       |       |       |     2 ||     2
   Cast: Summon Small Mamm |    25 |    16 |    37 |     5 |       |       ||    83
         Call Imp          |    15 |    19 |    30 |     2 |     1 |     1 ||    68
         Call Canine Famil |     5 |    11 |    26 |     9 |     4 |       ||    55
         Summon Blazeheart |       |       |    20 |    27 |   100 |    36 ||   183
         Summon Lightning  |       |       |       |     5 |    52 |    16 ||    73
         Arcjolt           |       |       |       |       |    36 |     9 ||    45
         Summon Forest     |       |       |       |       |     3 |    14 ||    17
         Anguish           |       |       |       |       |     1 |    14 ||    15
         Freezing Cloud    |       |       |       |       |       |    29 ||    29
  Evoke: Wand              |       |       |     2 |     1 |    14 |    10 ||    27
    Use: Scroll            |       |       |    13 |    14 |    20 |     8 ||    55
         Potion            |       |       |     3 |     1 |    17 |    11 ||    32
   Stab: Distracted        |       |     1 |     2 |     3 |     4 |       ||    10
         Sleeping          |       |       |     2 |     7 |     9 |     5 ||    23
         Invisible         |       |       |       |       |    10 |       ||    10
         Petrified         |       |       |       |       |     6 |       ||     6
 Armour: Robe              |    43 |    38 |    80 |       |       |       ||   161
         Leather armour    |       |       |    82 |       |       |       ||    82
         Swamp dragon scal |       |       |    25 |   536 |   661 |   256 ||  1478
         Skin              |       |       |    10 |       |       |       ||    10
  Dodge: Dodged            |    37 |    39 |   238 |   388 |   423 |   190 ||  1315
  Block: Other             |       |       |       |       |     6 |    15 ||    21

Table legend: (Time is in decaauts)
 A = Elapsed time spent in this place.
 B = Non-inter-level travel time spent in this place.
 C = Inter-level travel time spent in this place.
 D = Time resting spent in this place.
 E = Time spent auto-exploring this place.
 F = Levels seen in this place.
 G = Mean time per level.
                   A        B        C        D        E       F      G
               +--------+--------+--------+--------+--------+-----+--------+
         Total |  37006 |  35697 |   1309 |  11102 |  17437 |  25 | 1480.2 |
       Dungeon |  20027 |  19359 |    668 |   4354 |  11091 |  15 | 1335.1 |
          Lair |  10096 |   9532 |    564 |   3970 |   3869 |   5 | 2019.2 |
     Snake Pit |   4154 |   4113 |     41 |   1893 |   1359 |   3 | 1384.7 |
  Orcish Mines |   2727 |   2692 |     35 |    884 |   1117 |   2 | 1363.5 |
               +--------+--------+--------+--------+--------+-----+--------+

Top non-repeatable levels by time:
    D:14: 3945 daAuts
  Lair:2: 3290 daAuts
  Lair:5: 2368 daAuts
   Orc:2: 2189 daAuts
 Snake:2: 2072 daAuts
 Snake:1: 1970 daAuts
  Lair:1: 1790 daAuts
    D:15: 1666 daAuts
  Lair:4: 1475 daAuts
    D:10: 1450 daAuts
    D:11: 1420 daAuts
     D:9: 1323 daAuts
     D:2: 1251 daAuts
     D:1: 1250 daAuts
     D:7: 1234 daAuts
